 Dungeon Crawl Stone Soup version 0.31-a0-971-g75a2e9a4b4 (webtiles) character file.

Game seed: 15733063982189472838

52 Maxmaps the Changeling (level 3, -7/23 HPs)
             Began as an Octopode Shapeshifter on Oct 28, 2023.
             Mangled by a gnoll
             ... wielding a +0 flail
              (8 damage)
             ... on level 2 of the Dungeon.
             The game lasted 00:01:45 (1019 turns).

Maxmaps the Changeling (Octopode Shapeshifter)      Turns: 1019, Time: 00:01:46

Health: -7/23      AC:  1    Str: 13    XL:     3   Next: 85%
Magic:  3/3        EV: 13    Int: 14    God:
Gold:   98         SH:  0    Dex: 11    Spells: 2/2 levels left

rFire   . .          .
                       - Unarmed
rCold   . . .        (no shield)
rNeg    . . .        (helmet currently unavailable)
rPois   .            (no amulet)
rElec   .            (no ring)
rCorr   .            (no ring)
SInv    .            (no ring)
Will    .....        (no ring)
Stlth   ++           (no ring)
HPRegen 0.23/turn    (no ring)
MPRegen 0.08/turn    (no ring)
                     (no ring)

%: no passive effects
@: beast-form
A: beast (slay +2), almost no armour, amphibious, 8 rings, camouflage 1,
gelatinous body 1, (nimble swimmer 1), tentacles
a: Begin Untransformation


You were on level 2 of the Dungeon.
You were a hulking beast.
You visited 1 branch of the dungeon, and saw 2 of its levels.

You collected 98 gold pieces.

Inventory:

Talismans
 b - a beast talisman
 c - a flux talisman
Scrolls
 d - 2 scrolls of teleportation {unknown}
 e - 3 scrolls of identify {unknown}
 f - a scroll of fog {unknown}
 h - a scroll of fear {unknown}
 j - a scroll of noise {unknown}
Potions
 a - a potion of lignification
 g - a potion of curing {unknown}
 i - a potion of brilliance {unknown}


   Skills:
 - Level 1.0 Fighting
 - Level 2.0 Dodging
 - Level 0.2 Stealth
 - Level 3.7 Unarmed Combat
 + Level 3.8 Shapeshifting


You had 2 spell levels left.
You didn't know any spells.
Your spell library contained the following spells:

 Spells                   Type           Power      Damage    Failure   Level
 Ensorcelled Hibernation  Hex/Ice        0%         N/A       41%         2
 Passwall                 Tmut/Erth      0%         N/A       41%         2
 Swiftness                Air            0%         N/A       65%         3


Dungeon Overview and Level Annotations

Branches:
Dungeon (2/15)

Altars:
Xom


Innate Abilities, Weirdness & Mutations

You are a hulking beast.
Your limbs bulge with bestial killing power. (Slay +2)
You cannot wear most types of armour.
You are amphibious.
You can wear up to eight rings at the same time.
Your skin changes colour to match your surroundings (Stealth+).
Your rubbery body absorbs attacks. (AC +1, EV +1)
((You are camouflaged when in or above water. (Stealth+)))
You have tentacles for arms and can constrict up to eight enemies at once.


Message History

The giant cockroach closely misses you.
The giant cockroach attacks as it pursues you!
The giant cockroach bites you. x2
You tentacle-slap the giant cockroach but do no damage.
Your grab misses the giant cockroach.
The giant cockroach completely misses you.
You tentacle-slap the giant cockroach. You grab the giant cockroach.
You squeeze the giant cockroach, but do no damage.
The giant cockroach is moderately wounded.
You constrict the giant cockroach. The giant cockroach bites you.
You barely miss the giant cockroach.
The giant cockroach is heavily wounded.
You constrict the giant cockroach, but do no damage.
The giant cockroach barely misses you.
You tentacle-slap the giant cockroach.
The giant cockroach is severely wounded.
You constrict the giant cockroach. The giant cockroach closely misses you.
Unknown command.
You tentacle-slap the giant cockroach.
You kill the giant cockroach!
You tentacle-slap the gnoll. You grab the gnoll.
The gnoll is moderately wounded.
You constrict the gnoll. The gnoll hits you with a +0 spear.
You bludgeon the gnoll!
The gnoll is almost dead.
You constrict the gnoll.
You kill the gnoll!
You tentacle-slap the gnoll. Your grab misses the gnoll.
Your squeeze misses the gnoll.
The gnoll is moderately wounded.
The gnoll hits you with a +0 club.
You tentacle-slap the gnoll. You grab the gnoll.
The gnoll is severely wounded.
You constrict the gnoll. The gnoll hits you with a +0 club.
The gnoll hits you with a +0 flail!
* * * LOW HITPOINT WARNING * * *
You tentacle-slap the gnoll.
You kill the gnoll!
The gnoll hits you with a +0 flail!
You die...

#.......####<##
######
#.......#
#.._..#.####.#
#.........)..#
#.......######
####....#
##...# #)g.#
##h#.#######
#)##g.......
##..#.######
#...## #g### #g
.. #.# #.


You could see a gnoll.

Vanquished Creatures
  2 gnolls (D:2)
  4 bats
  3 endoplasms (D:1)
  3 giant cockroaches
  3 goblins (D:1)
  A hobgoblin (D:1)
  4 jackals (D:1)
  3 quokkas
  6 ball pythons
  A frilled lizard (D:1)
  5 kobolds (D:1)
  5 rats (D:1)
40 creatures vanquished.

Notes
Turn   | Place    | Note
-------+----------+-------------------------------------------
     0 | D:1      | Maxmaps the Octopode Shapeshifter began the quest for the
                  | Orb.
     0 | D:1      | Reached XP level 1. HP: 13/13 MP: 1/1
   157 | D:1      | Reached XP level 2. HP: 17/18 MP: 2/2
   219 | D:1      | Found a faded altar of an unknown god.
   609 | D:1      | Reached XP level 3. HP: 23/23 MP: 3/3
   992 | D:2      | Found a shimmering altar of Xom.
  1018 | D:2      | HP: 1/23 [gnoll/+0 flail (8)]
  1019 | D:2      | Mangled by a gnoll

Illustrated notes

Levels and vault maps discovered:
D:1:      dpeg_arrival_pits, layout_loops_corners, ebering_ecumenical_altar_hall
D:2:      layout_loops_ring, serial_shops, shop_coins, basic_altar

Action                     || total
---------------------------++-------
  Melee: Unarmed           ||    72
         Constrict         ||    22
         Tentacles         ||     8
         Punch             ||     6
   Stab: Sleeping          ||     7
 Armour: Skin              ||    24
  Dodge: Dodged            ||    47

Table legend: (Time is in decaauts)
 A = Elapsed time spent in this place.
 B = Non-inter-level travel time spent in this place.
 C = Inter-level travel time spent in this place.
 D = Time resting spent in this place.
 E = Time spent auto-exploring this place.
 F = Levels seen in this place.
 G = Mean time per level.
                   A        B        C        D        E       F      G
               +--------+--------+--------+--------+--------+-----+--------+
         Total |   1014 |    985 |     29 |      0 |    786 |   2 |  507.0 |
       Dungeon |   1014 |    985 |     29 |      0 |    786 |   2 |  507.0 |
               +--------+--------+--------+--------+--------+-----+--------+

Top non-repeatable levels by time:
     D:1: 895 daAuts
     D:2: 119 daAuts
